 Dungeon Crawl Stone Soup version 0.22-a0-605-g9281fa2 (webtiles) character file.

89 sking99 the Insei (level 4, -3/35 HPs)
             Began as a Draconian Transmuter on July 8, 2018.
             Slain by a worm (10 damage)
             ... on level 3 of the Dungeon.
             The game lasted 00:02:32 (1743 turns).

sking99 the Insei (Draconian Transmuter)            Turns: 1743, Time: 00:02:33

Health: -3/35      AC:  5    Str: 12    XL:     4   Next: 31%
Magic:  5/7        EV: 12    Int: 14    God:
Gold:   94         SH:  0    Dex: 12    Spells: 4/7 levels left

rFire    . . .     SeeInvis .     - Unarmed
rCold    . . .     Gourm    .   (no shield)
rNeg     . . .     Faith    .   (armour unavailable)
rPois    .         Spirit   .   (helmet restricted)
rElec    .         Reflect  .   (no cloak)
rCorr    .         Harm     .   (no gloves)
MR       .....                  (no boots)
Stlth    +.........             (no amulet)
HPRegen  0.11/turn              (no ring)
MPRegen  0.10/turn              (no ring)

@: no status effects
A: unfitting armour, cold-blooded, AC +5
a: no special abilities


You were on level 3 of the Dungeon.
You were not hungry.

You visited 1 branch of the dungeon, and saw 3 of its levels.

You collected 94 gold pieces.

Inventory:

Missiles
 a - 11 arrows
Scrolls
 d - 2 scrolls of remove curse {unknown}
 f - 3 scrolls of identify {unknown}
 g - a scroll of random uselessness {unknown}
 i - a scroll of magic mapping {unknown}
 j - a scroll of immolation {unknown}
Potions
 b - a potion of agility {unknown}
 e - a potion of berserk rage {unknown}
 h - a potion of mutation {unknown}
 k - a potion of curing {unknown}
Comestibles
 c - a ration
 l - 4 chunks of flesh


   Skills:
 + Level 1.3 Fighting
 + Level 2.5 Dodging
 + Level 0.5 Stealth
 + Level 4.4 Unarmed Combat
 + Level 2.1 Spellcasting
 + Level 2.0 Transmutations


You had 4 spell levels left.
You knew the following spells:

 Your Spells              Type           Power        Failure   Level  Hunger
a - Beastly Appendage     Tmut           #.....       10%         1    #......
b - Sticks to Snakes      Tmut           #.......     16%         2    ###....

Your spell library contained the following spells:

 Spells                   Type           Power        Failure   Level  Hunger
 Spider Form              Tmut/Pois      #.........   43%         3    ###....
 Blade Hands              Tmut           #.........   95%         5    ######.
 Ice Form                 Ice/Tmut       #.......     83%         4    #####..


Dungeon Overview and Level Annotations

Branches:
Dungeon (3/15)

Altars:

Annotations:
D:2 Sigmund


Innate Abilities, Weirdness & Mutations

Your plain brown scales are hard. (AC +5)
You cannot fit into any form of body armour.
You are cold-blooded and may be slowed by cold attacks.


Message History

The centaur shoots an arrow.
The arrow misses you.
You see here an arrow.
The centaur shoots an arrow.
The arrow hits you!
You see here an arrow.
Cast which spell? (? or * to list)
You create a snake!
You now have 11 arrows.
You swap places.
The centaur shoots an arrow.
The arrow misses your ball python. The arrow completely misses you.
You see here an arrow.
You swap places.
The centaur shoots an arrow.
The arrow hits you!
A worm comes into view.
You see here an arrow.
The centaur unwields an uncursed shortbow.
The centaur hits you but does no damage.
The centaur hits you.
* * * LOW HITPOINT WARNING * * *
You see here an arrow.
The centaur hits you but does no damage.
The worm bites you!
You die...

################
#......c@w[.....
#.######S###.###
#(# #(# #.# # #.#
####.######.######
#..................
.#####.###....####


You could see a centaur, a worm and a friendly ball python.

Vanquished Creatures
  Robin (D:2)
  4 adders
  A dart slug (D:1)
  A leopard gecko (D:2)
  5 bats
  4 giant cockroaches
  6 hobgoblins
  2 jackals (D:2)
  2 kobolds (D:1)
  A ball python (D:1)
  A frilled lizard (D:1)
  6 goblins (D:2)
  3 rats
37 creatures vanquished.

Notes
Turn   | Place    | Note
-------+----------+-------------------------------------------
     0 | D:1      | sking99 the Draconian Transmuter began the quest for the Orb.
     0 | D:1      | Reached XP level 1. HP: 16/16 MP: 3/3
   330 | D:1      | Reached XP level 2. HP: 17/23 MP: 5/5
   780 | D:2      | Reached XP level 3. HP: 25/28 MP: 6/6
   791 | D:2      | Learned a level 2 spell: Sticks to Snakes
  1061 | D:2      | Reached skill level 4 in Unarmed Combat
  1222 | D:2      | Noticed Robin
  1261 | D:2      | Killed Robin
  1261 | D:2      | Reached XP level 4. HP: 8/35 MP: 4/7
  1587 | D:2      | Noticed Sigmund
  1733 | D:3      | Noticed a centaur
  1743 | D:3      | Slain by a worm

Vault maps used:
D:1:      mrwooster_arrival_statue, st_stairs_8
D:2:      grunt_qazlal_sundering, uniq_sigmund, uniq_robin
D:3:      grunt_decor_clamped

Skill      XL: |  1  2  3 |
---------------+----------+-----
Dodging        | 2 |  2.5
Unarmed Combat | 4 |  4.4
Fighting       | |  1.3
Stealth        | |  0.5
Spellcasting   | |  2.1
Transmutations | |  2.0

Action                   |  1- 3 |  4- 6 || total
-------------------------+-------+-------++-------
Melee: Unarmed           |   131 |    30 ||   161
       Tailslap          |    14 |     3 ||    17
       Punch             |     2 |       ||     2
 Cast: Sticks to Snakes  |       |     1 ||     1
 Stab: Sleeping          |     5 |     2 ||     7
  Eat: Ration            |       |     1 ||     1
Armor: Skin              |    36 |    15 ||    51
Dodge: Dodged            |    99 |    23 ||   122

Table legend:
 A = Spawn XP
 B = Non-spawn XP
 C = Spawn XP percentage of total XP
 D = Spawn monster count
 E = Non-spawn monster count
 F = Spawn count percentage of total count
 G = Total turns spent on level
                    A         B        C        D         E        F      G
               +---------+---------+-------+---------+---------+-------+---------
         Total |       0 |     128 |   0.0 |       0 |      37 |   0.0 |  1743
               +---------+---------+-------+---------+---------+-------+---------
           D:1 |       0 |      26 |   0.0 |       0 |      15 |   0.0 |   762
           D:2 |       0 |      82 |   0.0 |       0 |      17 |   0.0 |   855
           D:3 |       0 |      20 |   0.0 |       0 |       5 |   0.0 |   126
               +---------+---------+-------+---------+---------+-------+---------
